 Dungeon Crawl Stone Soup version 0.16-a0-2611-g6d04fdd (webtiles) character file.

469682 MRaven the Phalangite (level 24, -1/185 HPs)
             Began as a Merfolk Gladiator on Nov 19, 2014.
             Was a High Priest of Ru.
             Slain by an Executioner (15 damage)
             ... while paralysed by accursed screaming
             ... on level 1 of the Abyss on Nov 22, 2014.
             The game lasted 07:22:13 (77954 turns).

MRaven the Phalangite (Merfolk Gladiator)          Turns: 77954, Time: 07:22:14

Health: -1/185     AC: 13    Str: 18    XL:     24   Next: 64%
Magic:  18/42      EV:  2    Int: 14    God:    Ru [*****.]
Gold:   4028       SH:  0    Dex: 17    Spells: 7 memorised, 27 levels left

rFire  . . .     SeeInvis +     V - +3 demon trident (elec)
rCold  . . .     Clarity  .     N - +0 steam dragon armour
rNeg   + . .     SustAb   +     S - +4 shield {reflect}
rPois  .         Gourm    .     o - +2 helmet {Int+3}
rElec  .         Spirit   .     F - +0 cloak
rCorr  .         Warding  .     e - +2 pair of gloves "Ejyasoad" {MR+}
rMut   +         Stasis   .     l - +0 pair of boots
MR     ++...                    X - amulet of resist mutation
Stlth  ..........               A - ring of sustain abilities
                                t - ring of positive energy

@: paralysed, about to teleport, very slightly contaminated, hasted, deflect
missiles, very resistant to hostile enchantments, extremely unstealthy
A: change form in water, swift swim, see invisible, clumsy 1, no stealth,
inability to use devices, inability to train armour, MP-powered wands 1
a: Sacrifice Essence, Sacrifice Love, Sacrifice Health, Reject Sacrifices, Draw
Out Power, Power Leap, Apocalypse, Renounce Religion
}: 2/15 runes: decaying, serpentine


You were on level 1 of the Abyss.
You worshipped Ru.
Ru was extremely pleased with you.
You were very full.

You visited 9 branches of the dungeon, and saw 46 of its levels.
You visited the Abyss 3 times.
You also visited: Labyrinth, Volcano and Wizlab.

You collected 5537 gold pieces.
You spent 1509 gold pieces at shops.

Inventory:

Hand weapons
 V - a +3 demon trident of electrocution (weapon)
Missiles
 u - 7 tomahawks
 C - 4 throwing nets (quivered)
 H - 7 silver tomahawks
Armour
 e - the +2 pair of gloves "Ejyasoad" (worn) {MR+}
   (You found it on level 2 of the Swamp)

   It affects your resistance to hostile enchantments.
 l - a +0 pair of boots (worn)
 o - a +2 helmet of intelligence (worn)
 D - a fire dragon hide
 F - a +0 cloak (worn)
 N - a +0 steam dragon armour (worn)
 S - a +4 shield of reflection (worn)
Jewellery
 d - an uncursed ring of protection from fire
 n - an uncursed amulet of guardian spirit
 p - an uncursed amulet of resist corrosion
 t - a ring of positive energy (left hand)
 A - a ring of sustain abilities (right hand)
 E - an uncursed ring of ice
 L - an uncursed amulet of warding
 P - an uncursed amulet of clarity
 U - an uncursed ring of poison resistance
 X - an amulet of resist mutation (around neck)
 Z - an uncursed ring of see invisible
Scrolls
 c - 2 scrolls of blinking
 g - 2 scrolls of teleportation
 w - 6 scrolls of remove curse
 G - 2 scrolls of enchant weapon
 K - 4 scrolls of fog
 M - 6 scrolls of amnesia
 O - a scroll of summoning
 Q - a scroll of holy word
 R - 4 scrolls of magic mapping
 W - a scroll of identify
 Y - a scroll of silence
Potions
 a - 2 potions of haste
 b - 4 potions of flight
 h - 3 potions of mutation
 i - 2 potions of might
 k - 2 potions of invisibility
 m - a potion of curing
 q - a potion of agility
 r - 2 potions of berserk rage
 s - a potion of heal wounds
 z - 7 potions of restore abilities
 B - 6 potions of brilliance
 I - 4 potions of magic
Books
 v - a book of Ice

   Spells                             Type                      Level
   Ice Form                           Ice/Transmutation            4
   Metabolic Englaciation             Hexes/Ice                    5
   Ozocubu's Refrigeration            Ice                          6
   Bolt of Cold                       Conjuration/Ice              6
   Freezing Cloud                     Conjuration/Ice/Air          6
   Simulacrum                         Ice/Necromancy               6
 x - a book of Transfigurations

   Spells                             Type                      Level
   Stoneskin                          Transmutation/Earth          2
   Irradiate                          Conjuration/Transmutation    5
   Statue Form                        Transmutation/Earth          6
   Hydra Form                         Transmutation                6
   Dragon Form                        Transmutation                7
 y - a Necronomicon {highlevel}

   This book is beyond your current level of understanding.

   Spells                             Type                      Level
   Haunt                              Necromancy/Summoning         7
   Borgnjor's Revivification          Necromancy                   8
   Death's Door                       Charms/Necromancy            8
   Necromutation                      Transmutation/Necromancy     8
Comestibles
 f - 17 bread rations
 j - 16 meat rations


   Skills:
 * Level 14.3 Fighting
 + Level 25.5 Polearms
 - Level 5.6 Throwing
 * Level 23.1 Dodging
 - Level 5.1 Shields
 - Level 15.5 Spellcasting
 - Level 9.3 Hexes
 - Level 17.6 Charms
 - Level 7.9 Necromancy
 - Level 13.7 Air Magic


You had 27 spell levels left.
You knew the following spells:

 Your Spells              Type           Power        Failure   Level  Hunger
a - Deflect Missiles      Chrm/Air       ######....   4%          6    ######.
b - Flight                Chrm/Air       ######....   1%          3    None
c - Repel Missiles        Chrm/Air       ######       1%          2    None
d - Regeneration          Chrm/Necr      #####.....   1%          3    None
e - Silence               Hex/Air        #####.....   4%          5    ####...
f - Haste                 Chrm           ######..     1%          6    ######.
g - Blink                 Tloc           N/A          28%         2    None


Dungeon Overview and Level Annotations

Branches:
Dungeon (15/15)            Temple (1/1) D:6            Lair (7/8) D:11
  Swamp (5/5) Lair:4        Snake (5/5) Lair:5        Slime (1/6) Lair:6
    Orc (4/4) D:12            Elf (0/3) Orc:3        Vaults (4/5) D:14
  Crypt (0/3) Vaults:3     Depths (4/5) D:15          Abyss (1/5)

Altars:
Ashenzari
Cheibriados
Dithmenos
Elyvilon
Fedhas
Gozag
Kikubaaqudgha
Makhleb
Nemelex Xobeh
Okawaru
Qazlal
Ru
Sif Muna
Trog
Vehumet
Xom
Yredelemnul
Zin
The Shining One
Beogh
Jiyva

Shops:
D:6 [[!}*   D:7 }   D:10 =   D:14 !   Orc:1 (=*?*   Orc:3 *[=   Orc:4 ([(%
Vaults:2 =

Portals:
Hell: Depths:1 Depths:2 Depths:3 Depths:4
Abyss: Depths:1 Depths:4
Pandemonium: Depths:3
Trove: D:12 (give wand of hasting (8))

Annotations:
D:9 exclusion: orange crystal statue
Lair:3 smajdalf's ghost, powerful DgEE
Lair:7 Harold
Depths:1 runed door


Innate Abilities, Weirdness & Mutations

You revert to your normal form in water.
You are very nimble and swift while swimming.
You cannot be stealthy.
You cannot study or use magical devices.
You cannot train your Armour skill.
You have supernaturally acute eyesight.
You are clumsy. (Dex -2)
You expend magic power (6 MP) to slightly strengthen your wands.


Message History

The thrashing horror begins to attack, but is stunned by your will!
A deafening chorus of shrieks assaults your mind!
* * * LOW HITPOINT WARNING * * *
You suddenly lose the ability to move!
You redirect the thrashing horror's attack!
The thrashing horror tramples the Executioner.
The Executioner stumbles backwards!
The thrashing horror roars!
The Executioner begins to attack, but is stunned by your will!
The thrashing horror tramples you but does no damage. x2
The Executioner hits you!
* * * LOW HITPOINT WARNING * * *
The Executioner hits you but does no damage. x2
The starcursed mass engulfs you but does no damage.
A starcursed mass splits.
You redirect the lorocyproca's attack!
The lorocyproca hits itself!!
The lorocyproca dies!
The Executioner hits you!
You die... . # .... ... ..# . ..# . .###.# ..##..##.. # ..#.. ..... . # . .. ....XX. #. # . #..# XX#

...
#.##..##X.##.... .
. #......@XX...##
. #
.#.....1.X.......
.
.#.#.##..##..##.##
...# .. #..# ..#
..#.. ... ....
..#. ..... .....
### ..##. #..##.
#.##ยง # ..# .#..
... .


You could see 7 starcursed masses, an Executioner and a thrashing horror.

Vanquished Creatures
  An ancient lich (Abyss:1)
  Boris (Vaults:2)
  Margery (Depths:3)
  Saint Roka (Swamp:5)
  A bone dragon (Vaults:3)
  4 liches
  3 tentacled monstrosities
  A Hell Sentinel (Abyss:2)
  Vashnia (Snake:2)
  Asterion (Swamp:5)
  2 acid blobs (Lair:6)
  9 tentacled starspawn
  2 Executioners
  A thorn hunter (Swamp:5)
  A tengu reaver (Vaults:4)
  2 spectral weapons (Swamp:5)
  3 storm dragons (Depths:4)
  A daeva (Abyss:3)
  A frost giant (Depths:4)
  11 greater nagas (Snake:5)
  Donald (Orc:4)
  5 fire giants
  A draconian knight (Abyss:1)
  12 vault wardens
  Aizul (Snake:5)
  A balrug (Abyss:3)
  5 emperor scorpions
  An orc warlord (Orc:4)
  A deep elf sorcerer (Vaults:1)
  8 very ugly things
  A spriggan defender (Depths:4)
  A reaper (Abyss:1)
  14 stone giants
  A lorocyproca (Depths:3)
  A deep elf annihilator (Vaults:1)
  A pale draconian (Abyss:1)
  3 vampire knights (Depths:3)
  A death ooze (Depths:1)
  3 dire elephants
  A red draconian (Volcano)
  A deep elf death mage (Depths:3)
  Snorg (Snake:4)
  A crystal guardian (Vaults:3)
  A merfolk impaler (Depths:2)
  3 minotaurs
  8 fire dragons
  2 vault guards (Vaults:3)
  Josephine (D:12)
  9 yaktaur captains
  10 ironheart preservers
  4 ettins
  8 great orbs of eyes
  16 naga warriors
  11 rakshasas
  6 statues (WizLab)
  3 ice dragons
  29 hydras
  4 deep troll earth magi
  12 centaur warriors
  3 spriggan air magi
  23 anacondas
  12 dancing weapons
  3 tengu warriors
  8 deep troll shamans
  2 vampire magi
  7 alligators
  5 death yaks
  2 thrashing horrors
  2 soul eaters (Depths:3)
  Urug (D:12)
  A catoblepas (Depths:3)
  17 ogre magi
  14 shock serpents
  4 spriggan berserkers
  An orc high priest (Orc:4)
  18 naga sharpshooters
  4 wretched stars
  2 fire crabs (shapeshifter)
  A deep elf knight (Vaults:2)
  2 shadow wraiths
  6 unseen horrors
  6 hell knights
  4 sea snakes (Snake:5)
  2 fire crabs
  2 spriggan druids
  4 giant orange brains
  3 spatial maelstroms
  31 starcursed masses
  3 salamander mystics
  3 flayed ghosts
  2 deep elf summoners (Depths:1)
  7 iron trolls
  9 swamp dragons
  A torturous demonspawn (Depths:3)
  14 naga ritualists
  A shambling mangrove (Swamp:5)
  A golden dragon skeleton (Depths:3)
  A lindwurm (Lair:6)
  20 large abominations
  3 wizards
  8 ironbrand convokers
  A mana viper (shapeshifter) (Depths:3)
  17 deep trolls
  7 hill giants
  6 necromancers
  3 orc sorcerers
  4 red wasps
  13 orc knights
  A harpy (Vaults:1)
  53 ugly things
  10 wolf spiders
  6 deep elf conjurers
  12 mana vipers
  2 shadow dragon skeletons
  A tengu skeleton (Depths:3)
  A water nymph (shapeshifter) (Depths:2)
  7 cyclopes
  12 salamanders
  4 worldbinders
  15 vault sentinels
  2 shining eyes
  An iron dragon skeleton (Depths:3)
  An apocalypse crab (Abyss:2)
  8 griffons
  27 black mambas
  6 sixfirhies
  3 manticores
  A fire giant skeleton (Depths:3)
  8 orange demons
  13 elephants
  4 smoke demons
  15 guardian serpents
  A yaktaur (shapeshifter) (Vaults:3)
  18 spiny frogs
  20 naga magi
  50 yaktaurs
  A demonic crawler (Abyss:1)
  4 tengu conjurers
  2 efreet
  4 gargoyles
  A hellion (Abyss:3)
  An elf (shapeshifter) (Vaults:3)
  A kobold demonologist (Vaults:2)
  A red devil (Depths:3)
  6 komodo dragons
  6 freezing wraiths
  An ancient zyme (Abyss:2)
  8 giant leeches
  A tengu simulacrum (Vaults:1)
  7 trolls
  Sonja (Swamp:1)
  3 hellwings
  A blue devil (Abyss:1)
  7 boulder beetles
  5 deep elf priests
  A wandering mushroom (Lair:3)
  A polar bear (shapeshifter) (Depths:3)
  25 blink frogs
  A polar bear (Lair:3)
  2 fire drakes (Lair:4)
  27 ravens
  18 raiju
  32 slime creatures
  31 two-headed ogres
  A harpy skeleton (D:15)
  13 bog bodies
  A queen bee (Lair:3)
  A human zombie (Vaults:3)
  10 basilisks
  A trapdoor spider (D:12)
  An ettin skeleton (Vaults:3)
  A spriggan (shapeshifter) (Vaults:3)
  12 deep elf magi
  7 ynoxinuls
  A wyvern (shapeshifter) (Vaults:1)
  A fire elemental (Abyss:1)
  4 vampires
  5 wraiths
  55 yaks
  4 spriggans
  An air elemental (Abyss:2)
  2 shadows
  6 flying skulls (Abyss:2)
  7 wyverns
  A golden eye (shapeshifter) (Abyss:2)
  An elf zombie (Depths:3)
  A redback (Depths:1)
  A redback (shapeshifter) (D:15)
  A human (shapeshifter) (Vaults:3)
  4 hungry ghosts
  A fire bat (Abyss:1)
  32 vampire mosquitoes
  11 chaos spawn
  4 mottled dragons
  7 wargs
  6 neqoxecs
  15 deep elf fighters
  8 hippogriffs
  25 swamp worms
  5 wolves (Lair:3)
  16 porcupines
  71 nagas
  7 spatial vortices
  6 ice beasts
  30 small abominations
  15 swamp drakes
  32 water moccasins
  3 human skeletons
  A phantom (D:12)
  A snapping turtle zombie (Abyss:1)
  7 sky beasts
  49 orc warriors
  A black bear (Lair:1)
  66 ogres
  3 eyes of draining
  4 yellow wasps
  8 spiders (Snake:1)
  A human simulacrum (Vaults:1)
  32 centaurs
  12 crocodiles
  A necrophage (D:6)
  9 boggarts
  Sigmund (D:7)
  Duvessa (D:6)
  A boring beetle (Lair:3)
  2 big kobolds
  A brain worm (Abyss:1)
  21 giant frogs
  A wyvern zombie (D:14)
  33 insubstantial wisps
  3 scorpions
  2 wyvern skeletons
  9 jellies
  2 wights (Abyss:3)
  22 killer bees (Lair:3)
  3 goliath beetles
  Dowan (D:6)
  8 crimson imps
  A giant frog zombie (D:5)
  An electric eel (Lair:4)
  5 quasits
  28 orc priests
  4 hounds
  Crazy Yiuf (D:6)
  4 centaur skeletons
  6 giant frog skeletons
  4 iron imps
  32 orc wizards
  6 worker ants
  5 iguanas
  20 sheep
  A giant frog simulacrum (D:12)
  2 hound skeletons
  A hound zombie (D:8)
  A mummy (D:12)
  A worker ant zombie (D:6)
  18 adders
  10 gnolls
  4 white imps
  A giant mite (D:9)
  28 river rats
  5 shadow imps
  3 worms
  22 ufetubi
  An adder zombie (D:7)
  9 giant geckos
  3 oozes
  202 orcs
  4 ball pythons
  A bat zombie (D:6)
  6 giant cockroaches
  24 goblins
  20 hobgoblins
  20 jackals
  29 kobolds
  18 bats
  A giant newt (D:1)
  A giant spore (D:6)
  7 quokkas
  A quokka skeleton (D:7)
  17 rats
  2 ballistomycetes (D:6)
  A briar patch (Swamp:5)
  A fungus (D:11)
  16 plants
  7 starspawn tentacles (Abyss:1)
2404 creatures vanquished.

Vanquished Creatures (others)
  the Lernaean hydra (Swamp:5)
  Frances (Snake:3)
  A frost giant (Depths:2)
  2 stone giants
  A lorocyproca (Abyss:1)
  A minotaur (Depths:2)
  An ironheart preserver (Vaults:3)
  A spriggan air mage (Depths:2)
  A hydra (D:11)
  An ogre mage (Vaults:4)
  An alligator (Swamp:3)
  2 centaur warriors
  An anaconda (Snake:5)
  2 naga sharpshooters
  A deep troll (Depths:3)
  A swamp dragon (Swamp:5)
  An orc knight (Vaults:3)
  A salamander (Snake:5)
  A red wasp (Vaults:3)
  A black mamba (Snake:4)
  A spiny frog (Swamp:4)
  A storm dragon simulacrum (Vaults:3)
  8 yaktaurs
  A fire drake (Lair:2)
  A giant leech (Swamp:5)
  A blink frog (Lair:6)
  A raven (Swamp:3)
  A shadow (D:11)
  A naga (Snake:5)
  A swamp worm (Swamp:5)
  An orc warrior (Vaults:3)
  A water moccasin (Snake:5)
  4 small abominations
  2 ogres
  4 centaurs
  2 giant frogs
  A crocodile (Swamp:5)
  A killer bee (Lair:3)
  2 orc priests
  2 orc wizards
  An orange rat (Depths:1)
  An adder (Lair:6)
  A river rat (Lair:6)
  A white imp (Abyss:2)
  3 orcs
  A bat (D:3)
  A hobgoblin (D:8)
  A giant cockroach (D:3)
  2 lurking horrors (Abyss:1)
  A briar patch (Swamp:5)
  7 fungi
  10 plants
  20 starspawn tentacles
  113 starspawn tentacle segments (Abyss:1)
223 creatures vanquished.

Grand Total: 2627 creatures vanquished

Notes
Turn   | Place    | Note
--------------------------------------------------------------
     0 | D:1      | MRaven, the Merfolk Gladiator, began the quest for the Orb.
     0 | D:1      | Reached XP level 1. HP: 16/16 MP: 1/1
   284 | D:1      | Reached XP level 2. HP: 19/22 MP: 2/2
   613 | D:1      | Reached skill level 5 in Polearms
   705 | D:1      | Reached XP level 3. HP: 28/28 MP: 3/3
  1682 | D:2      | Found a basalt altar of Yredelemnul.
  1851 | D:2      | Reached XP level 4. HP: 29/34 MP: 1/4
  2479 | D:3      | Reached skill level 6 in Polearms
  2829 | D:3      | Found a glowing golden altar of the Shining One.
  2830 | D:3      | Found a stormy altar of Qazlal.
  2837 | D:3      | Found a deep blue altar of Sif Muna.
  2838 | D:3      | Found a shimmering altar of Xom.
  2847 | D:3      | Reached XP level 5. HP: 26/41 MP: 3/5
  3094 | D:3      | Found a sparkling altar of Nemelex Xobeh.
  3275 | D:3      | Found a white marble altar of Elyvilon.
  3303 | D:3      | Found an opulent altar of Gozag.
  3368 | D:3      | Reached skill level 5 in Dodging
  3822 | D:4      | Reached XP level 6. HP: 38/47 MP: 6/6
  3897 | D:4      | Reached skill level 7 in Polearms
  4659 | D:4      | Reached XP level 7. HP: 28/53 MP: 4/7
  5266 | D:5      | Entered Level 5 of the Dungeon
  5275 | D:5      | Found a snail-covered altar of Cheibriados.
  5687 | D:5      | Reached skill level 8 in Polearms
  6910 | D:6      | Reached XP level 8. HP: 44/61 MP: 5/8
  7119 | D:6      | Noticed Dowan
  7121 | D:6      | Noticed Duvessa
  7124 | D:6      | Found Phycac's Armour Shoppe.
  7129 | D:6      | Bought a +2 helmet of intelligence for 236 gold pieces
  7161 | D:6      | Found Psinlaor's Armour Shoppe.
  7264 | D:6      | Found Wyigypia's Assorted Antiques.
  7306 | D:6      | Found a staircase to the Ecumenical Temple.
  7342 | D:6      | Reached skill level 9 in Polearms
  7351 | Temple   | Entered the Ecumenical Temple
  7441 | Temple   | Became a worshipper of Ru the Awakened
  7698 | D:6      | Found Izusav's Gadget Boutique.
  7727 | D:6      | Reached skill level 5 in Fighting
  7943 | D:6      | Found Ozuwaun's Distillery.
  7952 | D:6      | Bought a potion of might for 48 gold pieces
  7964 | D:6      | Reached skill level 5 in Throwing
  8077 | D:6      | Reached skill level 10 in Polearms
  8195 | D:6      | Killed Duvessa
  8208 | D:6      | Killed Dowan
  8208 | D:6      | Reached XP level 9. HP: 20/68 MP: 5/9
  8807 | D:6      | Noticed Crazy Yiuf
  8815 | D:6      | Killed Crazy Yiuf
  9498 | D:7      | Found Taqoagem's Gadget Shop.
  9530 | D:7      | Reached skill level 11 in Polearms
  9626 | D:7      | Noticed Sigmund
  9635 | D:7      | Killed Sigmund
  9635 | D:7      | Reached skill level 10 in Dodging
  9696 | D:7      | Found an iron altar of Okawaru.
  9697 | D:7      | Found a bloodstained altar of Trog.
  9716 | D:7      | Gained mutation: You cannot study or use magical devices. [Ru sacrifice]
  9716 | D:7      | Acquired Ru's first power
  9716 | D:7      | Acquired Ru's second power
  9716 | D:7      | Acquired Ru's third power
  9883 | D:7      | Found a shattered altar of Ashenzari.
 10189 | D:8      | Noticed a manticore
 10207 | D:8      | Killed a manticore
 10431 | D:8      | Reached XP level 10. HP: 63/77 MP: 8/10
 11006 | D:9      | Reached skill level 12 in Polearms
 11366 | D:9      | Found a glowing silver altar of Zin.
 11497 | D:9      | Reached skill level 5 in Shields
 11827 | D:9      | You fall through a shaft for 3 floors!
 11971 | D:11     | Noticed a brown ugly thing
 11976 | D:11     | Noticed a four-headed hydra
 11997 | D:10     | Entered Level 10 of the Dungeon
 12131 | D:10     | Reached skill level 13 in Polearms
 12352 | D:10     | Found Klucs' Jewellery Shoppe.
 12529 | D:9      | Found a shadowy altar of Dithmenos.
 12629 | D:10     | Reached XP level 11. HP: 62/86 MP: 7/11
 13062 | D:11     | Noticed a purple ugly thing
 13086 | D:11     | Killed a brown ugly thing
 13100 | D:11     | Killed a purple ugly thing
 13167 | D:11     | Reached skill level 14 in Polearms
 13183 | D:11     | Noticed a cyclops
 13203 | D:11     | Killed a cyclops
 13244 | D:11     | Noticed a hill giant
 13543 | D:11     | Learned a level 6 spell: Deflect Missiles
 13543 | D:11     | Found a staircase to the Lair.
 13760 | Lair:1   | Entered Level 1 of the Lair of Beasts
 13886 | Lair:1   | Noticed a seven-headed hydra
 14225 | Lair:1   | Reached skill level 15 in Polearms
 14959 | Lair:2   | Reached XP level 12. HP: 85/95 MP: 10/12
 15840 | Lair:3   | Reached skill level 16 in Polearms
 16378 | Lair:3   | Reached skill level 15 in Dodging
 16559 | Lair:3   | Noticed smajdalf's ghost (powerful DgEE)
 17116 | Lair:3   | Reached skill level 10 in Fighting
 17535 | Lair:4   | Reached skill level 17 in Polearms
 17722 | Lair:4   | Found a staircase to the Swamp.
 17958 | Lair:4   | Reached XP level 13. HP: 96/104 MP: 11/13
 18076 | Lair:4   | Noticed a four-headed hydra
 18109 | Lair:4   | Killed a four-headed hydra
 18834 | Lair:5   | Found a staircase to the Snake Pit.
 19060 | Lair:5   | Gained mutation: You cannot be stealthy. [Ru sacrifice]
 19583 | Lair:6   | Reached skill level 18 in Polearms
 20038 | Lair:6   | Found a staircase to the Slime Pits.
 21530 | Lair:7   | Noticed Harold
 21735 | Lair:2   | Gained mutation: You cannot train your Armour skill. [Ru sacrifice]
 21735 | Lair:2   | Acquired Ru's fourth power
 21735 | Lair:2   | Acquired Ru's fifth power
 21761 | Lair:1   | Killed a seven-headed hydra
 22383 | D:12     | Noticed an orc knight
 22511 | D:11     | Killed a four-headed hydra
 22610 | D:12     | Noticed Urug
 22651 | D:12     | Killed Urug
 22651 | D:12     | Reached skill level 19 in Polearms
 22651 | D:12     | Reached XP level 14. HP: 96/114 MP: 12/14
 22693 | D:12     | Found a portal to a secret trove of treasure.
 22700 | D:12     | Noticed a red ugly thing
 22715 | D:12     | Killed a red ugly thing
 22790 | D:12     | Killed an orc knight
 23020 | D:12     | Noticed a red ugly thing
 23038 | D:12     | Killed a red ugly thing
 23376 | D:12     | Found a staircase to the Orcish Mines.
 23386 | D:12     | Noticed Josephine
 23415 | D:12     | Killed Josephine
 23594 | D:12     | Noticed a hill giant
 23613 | D:12     | Killed a hill giant
 23681 | Orc:1    | Entered Level 1 of the Orcish Mines
 23681 | Orc:1    | Found Uvalen's Assorted Antiques.
 23681 | Orc:1    | Found Buicell's General Store.
 23681 | Orc:1    | Found Gehommepn's Magic Scroll Emporium.
 23827 | Orc:1    | Found Raefagge's Jewellery Shop.
 23827 | Orc:1    | Found Quymi's Weapon Shoppe.
 23838 | Orc:1    | Found a dark tunnel.
 23874 | Volcano  | Entered a volcano
 24713 | Orc:2    | Found a roughly hewn altar of Beogh.
 25184 | Orc:3    | Gained mutation: Your body is slowly deteriorating. [a neqoxec]
 25191 | Orc:3    | Gained mutation: You tend to lose your temper in combat. [a neqoxec]
 25192 | Orc:3    | Found a staircase to the Elven Halls.
 25217 | Orc:3    | Reached XP level 15. HP: 120/120 MP: 15/15
 25226 | Orc:3    | Found Ippecrig's Armour Boutique.
 25259 | Orc:3    | Found Klig's Jewellery Shoppe.
 25509 | Orc:3    | Found Moujammai's Assorted Antiques.
 25593 | Orc:4    | Entered Level 4 of the Orcish Mines
 25672 | Orc:4    | Noticed Donald
 25735 | Orc:4    | Killed Donald
 25735 | Orc:4    | Reached skill level 5 in Charms
 25812 | Orc:4    | Found a roughly hewn altar of Beogh.
 25916 | Orc:4    | Found a labyrinth entrance.
 25927 | Lab      | Entered a labyrinth
 26804 | Orc:4    | Found a roughly hewn altar of Beogh.
 26825 | Orc:4    | Found Akkairr's Food Emporium.
 26951 | Orc:4    | Found a roughly hewn altar of Beogh.
 27032 | Orc:4    | Found a roughly hewn altar of Beogh.
 27057 | Orc:4    | Found Dedaat's Weapon Emporium.
 27206 | Orc:4    | Found a roughly hewn altar of Beogh.
 28253 | Orc:4    | Found a roughly hewn altar of Beogh.
 28253 | Orc:4    | Found Khuengocs' Antique Weapon Shop.
 28257 | Orc:4    | Found Grom's Antique Armour Boutique.
 28515 | D:11     | Killed a hill giant
 28588 | Orc:4    | Bought a shiny helmet for 126 gold pieces
 28588 | Orc:4    | Bought a pair of bloodstained gloves for 266 gold pieces
 28611 | Orc:4    | Identified the +0 pair of gloves of Plasticity {Slay+4} (You bought it in a shop on level 4 of the Orcish Mines)
 28891 | Lair:1   | Reached skill level 5 in Air Magic
 29219 | Snake:1  | Entered Level 1 of the Snake Pit
 30391 | D:11     | Killed an unseen horror
 31293 | D:13     | Reached XP level 16. HP: 129/129 MP: 16/16
 31814 | D:14     | Found a gate to the Vaults.
 32037 | D:14     | Learned a level 3 spell: Flight
 32040 | D:14     | Learned a level 2 spell: Repel Missiles
 32214 | D:14     | Found Trakiat's Distillery.
 32217 | D:14     | Bought a potion of magic for 136 gold pieces
 32217 | D:14     | Bought 2 potions of agility for 136 gold pieces
 32217 | D:14     | Bought a potion of haste for 170 gold pieces
 32217 | D:14     | Bought a potion of haste for 170 gold pieces
 32217 | D:14     | Bought a potion of curing for 51 gold pieces
 32217 | D:14     | Bought a potion of resistance for 170 gold pieces
 32236 | D:14     | Learned a level 3 spell: Regeneration
 32280 | D:14     | Reached skill level 1 in Spellcasting
 32546 | D:14     | Identified a scroll of acquirement
 32694 | D:15     | Entered Level 15 of the Dungeon
 33002 | D:15     | Found a staircase to the Depths.
 34164 | Snake:2  | Noticed Vashnia
 34800 | Snake:2  | Reached skill level 10 in Charms
 34933 | Snake:2  | Killed Vashnia
 35758 | Snake:3  | Upgraded the game from 0.16-a0-2388-g8c53b03 to 0.16-a0-2465-g0f9d4c6
 35847 | Snake:3  | Reached XP level 17. HP: 137/137 MP: 1/27
 36589 | Snake:3  | Noticed Frances
 36605 | Snake:3  | Killed Frances
 36605 | Snake:3  | Reached skill level 5 in Spellcasting
 37353 | Snake:4  | Noticed Snorg
 37374 | Snake:4  | Killed Snorg
 38096 | Snake:4  | Learned a level 5 spell: Silence
 38474 | Snake:4  | Found a deep blue altar of Sif Muna.
 38692 | Snake:4  | Got a twisted glaive {pain}
 38693 | Snake:4  | Identified the +3 glaive "Khonnoix" {pain, +Blink rC+} (You took it off a naga warrior on level 4 of the Snake Pit)
 38871 | Snake:5  | Entered Level 5 of the Snake Pit
 39547 | Snake:5  | Noticed Aizul
 39591 | Snake:5  | Killed Aizul
 39732 | Snake:5  | Reached XP level 18. HP: 106/145 MP: 32/32
 40220 | Snake:5  | HP: 7/145 [naga warrior/halberd (1)]
 40682 | Snake:5  | Reached skill level 10 in Air Magic
 41223 | Snake:5  | Reached skill level 20 in Polearms
 41853 | Snake:5  | Got a serpentine rune of Zot
 42258 | Swamp:1  | Entered Level 1 of the Swamp
 42432 | Swamp:1  | Noticed Sonja
 42444 | Swamp:1  | Killed Sonja
 43232 | Swamp:2  | Reached XP level 19. HP: 112/151 MP: 34/34
 43553 | Swamp:2  | Got a pair of dazzling gloves
 43564 | Swamp:2  | Identified the +2 pair of gloves "Ejyasoad" {MR+} (You found it on level 2 of the Swamp)
 44729 | Swamp:3  | Got a crude scale mail
 44730 | Swamp:3  | Identified the cursed -5 scale mail of Fanaticism {rC++ rN+ rCorr Curse} (You found it on level 3 of the Swamp)
 45708 | Swamp:5  | Entered Level 5 of the Swamp
 46011 | Swamp:5  | Reached skill level 10 in Spellcasting
 46294 | Swamp:5  | Reached skill level 21 in Polearms
 46403 | Swamp:5  | Noticed the 27-headed Lernaean hydra
 46433 | Swamp:5  | Killed the 27-headed Lernaean hydra
 46619 | Swamp:5  | Got a decaying rune of Zot
 46927 | Swamp:5  | Noticed Saint Roka
 46956 | Swamp:5  | Killed Saint Roka
 47135 | Swamp:5  | Noticed Asterion
 47207 | Swamp:5  | Killed Asterion
 47444 | Swamp:5  | Lost mutation: Your body is slowly deteriorating. [potion of cure mutation]
 47444 | Swamp:5  | Lost mutation: You tend to lose your temper in combat. [potion of cure mutation]
 48204 | Depths:1 | Entered Level 1 of the Depths
 48610 | Depths:1 | Reached XP level 20. HP: 158/158 MP: 36/36
 48626 | Depths:1 | Reached skill level 15 in Charms
 48639 | Depths:1 | Found a gateway to Hell.
 49075 | Depths:1 | Found a runed door.
 49141 | Depths:1 | Found a one-way gate to the infinite horrors of the Abyss.
 49409 | Depths:1 | Found a viscous altar of Jiyva.
 49804 | Depths:2 | Found a magical portal.
 49808 | WizLab   | Entered Tukima's Studio
 50172 | WizLab   | Learned a level 6 spell: Haste
 50693 | Depths:2 | Reached skill level 22 in Polearms
 51813 | Depths:3 | Upgraded the game from 0.16-a0-2465-g0f9d4c6 to 0.16-a0-2568-g6e0b792
 51871 | Depths:3 | Noticed Margery
 51893 | Depths:3 | Killed Margery
 52778 | Depths:3 | Reached XP level 21. HP: 164/164 MP: 38/38
 55218 | Depths:3 | Found a one-way gate leading to the halls of Pandemonium.
 56225 | Depths:4 | Paralysed by a great orb of eyes for 2 turns
 56505 | Depths:4 | Got a heavily runed ring mail
 56506 | Depths:4 | Identified the +2 ring mail of Surprise {Str+2 Int+5} (You found it on level 4 of the Depths)
 56835 | Depths:4 | Reached skill level 23 in Polearms
 58908 | Depths:4 | Voluntarily entered the Abyss.
 59614 | Abyss:2  | Reached XP level 22. HP: 154/171 MP: 32/39
 60194 | Depths:4 | Escaped the Abyss
 60740 | Slime:1  | Entered Level 1 of the Pits of Slime
 60889 | Slime:1  | Gained mutation: You tend to lose your temper in combat. [a shining eye]
 62058 | Depths:4 | Voluntarily entered the Abyss.
 62220 | Abyss:1  | Reached skill level 1 in Hexes
 62220 | Abyss:1  | Reached skill level 1 in Necromancy
 62230 | Abyss:1  | Got a pair of brightly glowing boots
 62231 | Abyss:1  | Identified the cursed -2 pair of boots of the Thunderstorm {Str+4} (You found it on level 1 of the Abyss)
 62307 | Abyss:1  | Noticed an ancient lich
 62322 | Abyss:1  | Killed an ancient lich
 62346 | Abyss:1  | Found a corrupted altar of Lugonu.
 62353 | Abyss:1  | Gained mutation: You have supernaturally acute eyesight. [a neqoxec]
 62553 | Abyss:1  | Lost mutation: You tend to lose your temper in combat. [mutagenic glow]
 62593 | Abyss:1  | Gained mutation: You expend magic power (6 MP) to slightly strengthen your wands. [mutagenic glow]
 62603 | Abyss:1  | Found a corrupted altar of Lugonu.
 62710 | Abyss:1  | Gained mutation: You are clumsy. (Dex -2) [mutagenic glow]
 62834 | Abyss:1  | Found a corrupted altar of Lugonu.
 63296 | Abyss:2  | Found a corrupted altar of Lugonu.
 63879 | Abyss:2  | Reached skill level 24 in Polearms
 65192 | Abyss:3  | Noticed an ancient lich
 65227 | Depths:4 | Escaped the Abyss
 65450 | Vaults:1 | Entered Level 1 of the Vaults
 65871 | Vaults:1 | Reached skill level 5 in Hexes
 66729 | Vaults:1 | Reached XP level 23. HP: 165/177 MP: 38/41
 67628 | Vaults:1 | Reached skill level 5 in Necromancy
 68400 | Vaults:2 | Noticed Boris
 68424 | Vaults:2 | Killed Boris
 69194 | Vaults:2 | Found Gofou's Jewellery Shoppe.
 69500 | Vaults:2 | Reached skill level 25 in Polearms
 70920 | Vaults:3 | Reached skill level 15 in Spellcasting
 72570 | Vaults:3 | Reached XP level 24. HP: 184/184 MP: 42/42
 73438 | Vaults:3 | Found a staircase to the Crypt.
 73580 | Vaults:3 | Learned a level 2 spell: Blink
 73753 | Vaults:4 | Paralysed by a red wasp for 4 turns
 74365 | Vaults:4 | Got a scintillating tin ring
 74416 | Vaults:4 | Identified the ring "Narchur" {+/*Tele rC+} (You found it on level 4 of the Vaults)
 75810 | Vaults:4 | Upgraded the game from 0.16-a0-2568-g6e0b792 to 0.16-a0-2611-g6d04fdd
 76547 | Depths:4 | Voluntarily entered the Abyss.
 76734 | Abyss:1  | Paralysed by accursed screaming for 1 turns
 76803 | Abyss:1  | Noticed an ancient lich
 76841 | Abyss:1  | Found an iron altar of Okawaru.
 77953 | Abyss:1  | Paralysed by accursed screaming for 1 turns
 77954 | Abyss:1  | Slain by an Executioner

Action                   |  1- 3 |  4- 6 |  7- 9 | 10-12 | 13-15 | 16-18 | 19-21 | 22-24 || total
-------------------------+-------+-------+-------+-------+-------+-------+-------+-------++-------
Melee: Trident           |   131 |   278 |   658 |  1934 |  1582 |       |       |       ||  4583
       Spear             |       |       |       |       |   322 |       |       |       ||   322
       Demon trident     |       |       |       |       |   530 |  1818 |  2814 |  3319 ||  8481
 Fire: Blowgun           |       |     4 |     5 |       |       |       |       |       ||     9
Throw: Throwing net      |       |       |     2 |     5 |       |       |       |       ||     7
       Tomahawk          |       |       |     2 |       |       |       |       |       ||     2
 Cast: Repel Missiles    |       |       |       |       |       |     7 |       |       ||     7
       Deflect Missiles  |       |       |       |       |       |       |     9 |     7 ||    16
       Haste             |       |       |       |       |       |       |    12 |    41 ||    53
       Regeneration      |       |       |       |       |       |       |     6 |    16 ||    22
Invok: Draw Out Power    |       |       |     1 |     1 |     1 |       |       |       ||     3
       Sacrifice Artific |       |       |     1 |       |       |       |       |       ||     1
       Reject Sacrifices |       |       |       |     2 |     1 |       |       |       ||     3
       Apocalypse        |       |       |       |       |     3 |     4 |     3 |     3 ||    13
       Sacrifice Stealth |       |       |       |       |     1 |       |       |       ||     1
       Sacrifice Durabil |       |       |       |       |     1 |       |       |       ||     1
       Power Leap        |       |       |       |       |     3 |       |     3 |     3 ||     9
Evoke: Wand              |       |     3 |     7 |       |       |       |       |       ||    10
  Use: Scroll            |     6 |     4 |    10 |    11 |    11 |    22 |    15 |    20 ||    99
       Potion            |       |       |     4 |     3 |     4 |    17 |    13 |    11 ||    52
 Stab: Sleeping          |     1 |       |     2 |     2 |     1 |       |       |       ||     6
       Held in net/web   |       |       |     4 |     5 |       |       |       |       ||     9
       Invisible         |       |       |    14 |    14 |    16 |    25 |    38 |    19 ||   126
       Distracted        |       |       |       |     5 |     6 |     4 |    11 |    10 ||    36
       Petrifying        |       |       |       |     2 |       |       |       |       ||     2
       Petrified         |       |       |       |     1 |       |       |       |       ||     1
       Paralysed         |       |       |       |       |     7 |     9 |     7 |     2 ||    25
  Eat: Chunk             |     3 |     7 |    18 |    28 |    30 |    29 |    36 |    46 ||   197
       Beef jerky        |       |     1 |       |       |     2 |     2 |     3 |     1 ||     9
       Royal jelly       |       |       |     1 |       |     2 |     9 |    13 |       ||    25
       Pizza             |       |       |       |     1 |     2 |       |       |       ||     3
       Fruit             |       |       |       |       |    14 |     5 |     4 |       ||    23
       Bread ration      |       |       |       |       |       |       |       |     8 ||     8
       Meat ration       |       |       |       |       |       |       |       |     3 ||     3
